 Dungeon Crawl Stone Soup version 0.31-a0-506-g3d79149578 (webtiles) character file.

Game seed: 7486728930987901488

6895 Bnni the Jinx (level 10, -1/52 HPs)
             Began as a Spriggan Hexslinger on Aug 9, 2023.
             Was an Elder of Dithmenos.
             Hit by a javelin thrown by a centaur (10 damage)
             ... in a bailey.
             The game lasted 00:32:58 (10003 turns).

Bnni the Jinx (Spriggan Hexslinger)                Turns: 10003, Time: 00:32:58

Health: -1/52      AC:  2    Str:  9    XL:     10   Next: 79%
Magic:  12/18      EV: 24    Int: 16    God:    Dithmenos [****..]
Gold:   598        SH:  0    Dex: 23    Spells: 8/19 levels left

rFire   + . .        a - +1 sling
rCold   . . .        (no shield)
rNeg    . . .        K - +0 robe {rF+}
rPois   +            (helmet restricted)
rElec   .            (no cloak)
rCorr   .            (gloves unavailable)
SInv    +            (boots unavailable)
Will    +....        (no amulet)
Stlth   +++++        J - ring "Naylink" {rPois Str+5 Dex+2}
HPRegen 0.28/turn    t - ring of flight
MPRegen 0.16/turn

%: no passive effects
@: flying, wreathed by umbra, very quick
A: very small, no large weapons, unfitting armour, see invisible, speed 3
a: Renounce Religion, Shadow Step


You were in a bailey.
You worshipped Dithmenos.
Dithmenos was greatly pleased with you.
You visited 2 branches of the dungeon, and saw 10 of its levels.
You also visited: Bailey.

You collected 598 gold pieces.

Inventory:

Hand Weapons
 a - a +1 sling (weapon)
 g - a +1 dagger of venom
 w - a +2 antimagic short sword
 E - a +5 spear of venom
Missiles
 v - 16 poisoned darts
Armour
 k - an orb of wrath
 B - a +0 buckler
 K - a +0 robe of fire resistance (worn)
Jewellery
 t - a ring of flight (right hand)
 J - the ring "Naylink" (left hand) {rPois Str+5 Dex+2}
   (You found it on level 7 of the Dungeon)

   [ring of poison resistance]

   Str+5:     It affects your strength (+5).
   Dex+2:     It affects your dexterity (+2).
   rPois:     It protects you from poison
Wands
 c - a wand of charming (17)
 d - a wand of mindburst (26)
 A - a wand of flame (15)
 F - a wand of digging (7)
 I - a wand of polymorph (16)
Scrolls
 b - 2 scrolls of poison
 e - 5 scrolls of vulnerability {unknown}
 h - 3 scrolls of enchant weapon
 i - 2 scrolls of amnesia
 l - 3 scrolls of butterflies
 m - a scroll of torment {unknown}
 o - 2 scrolls of blinking {unknown}
 r - a scroll of fear {unknown}
 u - 2 scrolls of teleportation {unknown}
 y - 2 scrolls of fog {unknown}
 z - a scroll of immolation {unknown}
 C - a scroll of revelation {unknown}
 G - a scroll of silence
 H - a scroll of noise {unknown}
Potions
 f - a potion of haste
 j - a potion of resistance
 n - 3 potions of lignification
 p - 2 potions of ambrosia
 q - a potion of enlightenment
 s - a potion of brilliance
 x - 2 potions of curing
 D - a potion of magic
 M - a potion of heal wounds {unknown}


   Skills:
 + Level 5.6 Fighting
 * Level 9.9 Ranged Weapons
 + Level 7.6 Dodging
 + Level 4.3 Stealth
 - Level 5.0 Spellcasting
 - Level 10.0 Hexes
 - Level 3.0 Translocations
 - Level 3.0 Fire Magic
 + Level 1.4 Invocations


You had 8 spell levels left.
You knew the following spells:

 Your Spells              Type           Power      Damage    Failure   Level
a - Slow                  Hex            100%       N/A       1%          1
b - Inner Flame           Hex/Fire       24%        N/A       3%          3
c - Portal Projectile     Hex/Tloc       48%        N/A       3%          3
d - Cause Fear            Hex            18%        N/A       2%          4

Your spell library contained the following spells:

 Spells                   Type           Power      Damage    Failure   Level
 Necrotise                Necr           16%        1d4       16%         1
 Vampiric Draining        Necr           4%         2d6       41%         3
 Agony                    Necr           4%         N/A       99%         5


Dungeon Overview and Level Annotations

Branches:
Dungeon (9/15)             Temple (1/1) D:4          Bailey (1/1)
   Lair: D:8-11         Orc: D:9-12

Altars:
Ashenzari
Dithmenos
Fedhas
Gozag
Hepliaklqana
Kikubaaqudgha
Okawaru
Qazlal
Ru
Sif Muna
Trog
Uskayaw
Vehumet
Wu Jian
Xom
Yredelemnul
Zin
The Shining One

Annotations:
D:9 Pikel, Psyche


Innate Abilities, Weirdness & Mutations

You are very small and have problems with some larger weapons.
You are too small for most types of armour.
You have supernaturally acute eyesight. (SInv)
You cover ground extremely quickly. (Speed+++)


Message History

Dithmenos accepts your kill.
The orc warrior explodes!
You hear a shout! x2
Unknown command.
Unknown command.
Your magical contamination has completely faded away.
Magic restored. 2 centaurs come into view.
Found the brooch of Shielding {Spirit SH+8}.
The centaur throws a javelin.
The javelin pierces through you!
Casting: Inner Flame (dangerous; 3% risk of failure)
Confirm with . or Enter, or press ? or * to list all spells.
Aiming: Inner Flame (dangerous; 3% risk of failure)
Press: ? - help, Dir - move target, f - centaur
Aim: a centaur, wielding a +0 trident, wearing a +0 scale mail and quivering javelins (umbra, chance to affect: 79%)
The centaur is filled with an inner flame.
The centaur shouts!
The centaur throws a javelin.
The javelin barely misses you.
You shoot a sling bullet. The sling bullet hits the centaur.
Flame seeps out of the centaur.
The centaur is lightly wounded.
The centaur is engulfed in blazing flames.
Flame seeps out of the centaur.
The centaur throws a javelin.
The javelin pierces through you!
The centaur throws a javelin.
The javelin completely misses you.
You are too injured to fight recklessly!
The centaur is engulfed in blazing flames.
Flame seeps out of the centaur.
Unknown command.
Casting: Inner Flame (dangerous; 3% risk of failure)
Confirm with . or Enter, or press ? or * to list all spells.
Aiming: Inner Flame (dangerous; 3% risk of failure)
Press: ? - help, Dir - move target, f - centaur
Aim: a centaur, wielding a +0 spear, wearing a +0 ring mail and quivering javelins (chance to affect: 79%)
The centaur barely resists.
The centaur throws a javelin.
The javelin pierces through you!
* * * LOW HITPOINT WARNING * * *
The centaur throws a javelin.
The javelin misses you.
The centaur throws a javelin.
The javelin pierces through you!
You die...

..#####)...#≈≈≈≈≈..≈≈≈..
≈≈))).##...#≈≈≈≈.≈≈≈.....
.≈≈≈)⌠.#...#≈≈≈≈.≈........
≈..≈≈..#...# ≈≈.≈≈.⌠......
≈≈≈.≈≈.#⌠..# ≈)≈.........
).≈≈.≈.##..# ≈≈..).≈≈≈≈≈
≈≈.≈)≈≈.#.)#####...≈≈≈~~~~
.≈.≈≈.≈.#.)'..)...≈≈≈~≈≈≈≈
.≈)...≈.#..)....@.≈≈≈~~)?"
.≈.≈≈.≈.#).')..)..≈≈≈~≈≈≈≈
≈≈.≈.≈≈.#..#####...≈≈≈~~~~
..≈≈.≈.##.)# ≈.≈≈....≈≈≈≈≈
≈≈≈.≈≈.#⌠.)#≈≈≈°≈....)....
≈).≈≈..#)..#≈≈§.≈≈.⌠......
.≈≈≈.⌠.#...#≈≈≈≈.≈.....c..
≈≈....##...#≈≈≈≈.≈≈≈......
..##### #≈≈≈≈≈..≈≈≈....


You could see a centaur.

Vanquished Creatures
  A two-headed ogre (D:9)
  Jeremiah (D:7)
  Maggie (D:8)
  A hornet (D:9)
  Grinder (D:4)
  A polar bear (D:9)
  2 wyverns (D:9)
  A yak (D:9)
  The ghost of paps the Insei, an amateur DsGl (D:4)
  A steam dragon (D:6)
  Menkaure (D:7)
  An acid dragon (D:9)
  A water moccasin (D:6)
  Duvessa (D:7)
  13 orc warriors
  2 ice beasts
  2 sky beasts (D:7)
  4 ogres
  A black bear (D:4)
  3 centaurs (Bailey)
  2 lemures (D:9)
  A kobold brigand (D:7)
  A phantom (D:4)
  A bullfrog (D:7)
  A gnoll sergeant (D:5)
  2 scorpions
  2 howler monkeys (D:6)
  2 hounds
  9 orc priests
  3 gnoll boudas
  7 orc wizards
  A sleepcap (D:6)
  28 gnolls
  5 adders
  3 white imps
  An ufetubus (D:4)
  3 worms
  3 dart slugs
  69 orcs
  2 endoplasms
  3 giant cockroaches
  11 goblins
  6 hobgoblins
  4 jackals (D:2)
  5 quokkas
  2 ball pythons
  5 bats
  4 frilled lizards
  16 kobolds
  5 rats
247 creatures vanquished.

Notes
Turn   | Place    | Note
-------+----------+-------------------------------------------
     0 | D:1      | Bnni the Spriggan Hexslinger began the quest for the Orb.
     0 | D:1      | Reached XP level 1. HP: 9/9 MP: 3/3
   469 | D:1      | Reached XP level 2. HP: 14/14 MP: 5/5
   664 | D:2      | Reached skill level 1 in Fighting
   791 | D:2      | Reached skill level 4 in Hexes
  1240 | D:2      | Reached XP level 3. HP: 18/18 MP: 6/6
  1318 | D:2      | Learned a level 3 spell: Inner Flame
  1497 | D:3      | Reached XP level 4. HP: 8/22 MP: 8/8
  2532 | D:3      | Found a faded altar of an unknown god.
  2888 | D:4      | Noticed Grinder
  2900 | D:4      | Found a staircase to the Ecumenical Temple.
  2907 | Temple   | Entered the Ecumenical Temple
  2925 | Temple   | Became a worshipper of Dithmenos the Shadowed
  3025 | D:4      | Reached skill level 5 in Hexes
  3081 | D:4      | Noticed paps's ghost (amateur DsGl)
  3082 | D:4      | Found a transporter.
  3083 | D:4      | Identified the +9 giant spiked club of Valour {heavy,
                  | Fragile Will+ rCorr Str+7}
  3083 | D:4      | Noticed an ogre
  3085 | D:4      | Noticed an ogre
  3086 | D:4      | Found a transporter.
  3111 | D:4      | Noticed a phantom
  3151 | D:4      | Killed a phantom
  3152 | D:4      | Reached XP level 5. HP: 26/26 MP: 6/10
  3157 | D:4      | Learned a level 4 spell: Cause Fear
  3369 | D:4      | Reached XP level 6. HP: 30/30 MP: 7/11
  3789 | D:4      | Reached skill level 6 in Hexes
  4004 | D:4      | Learned a level 3 spell: Portal Projectile
  4015 | D:4      | Found a bloodstained altar of Trog.
  4225 | D:4      | Killed Grinder
  4226 | D:4      | Reached skill level 1 in Fire Magic
  4226 | D:4      | Reached XP level 7. HP: 35/35 MP: 9/13
  4371 | D:4      | Killed paps's ghost
  4372 | D:4      | Reached skill level 5 in Ranged Weapons
  4520 | D:5      | Entered Level 5 of the Dungeon
  4534 | D:5      | Found a radiant altar of Vehumet.
  4818 | D:5      | Reached * piety under Dithmenos
  4819 | D:5      | Reached skill level 7 in Hexes
  4825 | D:5      | Reached XP level 8. HP: 36/39 MP: 15/15
  5040 | D:5      | Found an iron altar of Okawaru.
  5994 | D:6      | Found a sacrificial altar of Ru.
  6276 | D:6      | Reached skill level 8 in Hexes
  6574 | D:6      | Reached ** piety under Dithmenos
  6845 | D:7      | Identified the ring "Naylink" {rPois Str+5 Dex+2}
  6857 | D:7      | Reached skill level 5 in Spellcasting
  7028 | D:7      | Reached XP level 9. HP: 43/44 MP: 13/17
  7189 | D:7      | Noticed Menkaure
  7197 | D:7      | Killed Menkaure
  7304 | D:7      | Noticed Dowan
  7306 | D:7      | Noticed Duvessa
  7318 | D:7      | Killed Duvessa
  7321 | D:7      | Dowan changed into Dowan the hound
  7321 | D:7      | Noticed Dowan
  7328 | D:7      | Killed Dowan the hound
  7422 | D:7      | Noticed Jeremiah
  7825 | D:7      | Killed Jeremiah
  7826 | D:7      | Reached skill level 5 in Dodging
  8158 | D:8      | Reached skill level 9 in Hexes
  8323 | D:8      | Found a shimmering altar of Xom.
  8426 | D:8      | Found a glowing golden altar of the Shining One.
  8458 | D:8      | Noticed Maggie
  8467 | D:8      | Killed Maggie
  8641 | D:8      | Found a shimmering blue altar of Sif Muna.
  8641 | D:8      | Found an ancient bone altar of Kikubaaqudgha.
  8643 | D:8      | Found a stormy altar of Qazlal.
  8704 | D:8      | Reached *** piety under Dithmenos
  8741 | D:8      | Found an opulent altar of Gozag.
  8876 | D:9      | Noticed a polar bear
  8885 | D:9      | Killed a polar bear
  8886 | D:9      | Reached XP level 10. HP: 51/51 MP: 9/18
  9017 | D:9      | Noticed a cyclops
  9038 | D:9      | Noticed Pikel
  9146 | D:9      | Reached skill level 5 in Fighting
  9262 | D:9      | Noticed a two-headed ogre
  9283 | D:9      | Killed a two-headed ogre
  9309 | D:9      | Found a hazy altar of Hepliaklqana.
  9389 | D:9      | Noticed Psyche
  9424 | D:9      | Found a flagged portal.
  9433 | Bailey   | Entered a bailey
  9454 | Bailey   | Reached **** piety under Dithmenos
  9475 | Bailey   | Reached skill level 10 in Hexes
  9867 | Bailey   | Reached skill level 1 in Invocations
  9998 | Bailey   | Found the brooch of Shielding {Spirit SH+8}
 10003 | Bailey   | Hit by a javelin thrown by a centaur

Illustrated notes

Levels and vault maps discovered:
D:1:      saegor_arrival_simple_d, layout_basic
D:2:      layout_loops_ring, minmay_pentomino_s4
D:3:      layout_basic, hellmonk_ecumenical_altar_lost_god, serial_glass,
          glass_columns_b, glass_columns_a, grunt_ministairs_12
D:4:      layout_loops_ring, lightli_temple_of_fire, minmay_temple_entry_arrows,
          gammafunk_ghost_smash, minivault_25, grunt_ministairs_14, uniq_grinder
D:5:      layout_loops_corners, mainiacjoe_overflow_small_starburst,
          lemuel_tele_altar, minmay_ogre_servants
D:6:      layout_basic, nicolae_ru_path_of_blood,
          hangedman_abyss_or_decor_passed
D:7:      layout_rooms, uniq_jeremiah, uniq_menkaure, uniq_duvessa
D:8:      layout_cave_pools, mainiacjoe_overflow_alcove_4,
          mainiacjoe_overflow_alcove_3, tso_metal_star, uniq_maggie
D:9:      layout_basic, kennysheep_little_box, due_lair_maze_entry_diamond,
          special_room [special_room_orc], serial_ice, serial_ice_b,
          serial_ice_a, serial_ice_f, serial_ice_e, enter_bailey_8,
          minmay_diamond_spiral, uniq_psyche, uniq_pikel
Temple:   hellmonk_temple_two_chambers
Bailey:   bailey_polearm_flooded_kennysheep, bailey

Skill      XL: |  1  2  3  4  5  6  7  8  9 10 |
---------------+-------------------------------+-----
Fighting       | 1 2 3 4 5 |  5.6
Hexes          | 4 5 6 7 8 9 10 | 10.0
Spellcasting   | 2 3 4 5 |  5.0
Ranged Weapons | 3 4 5 6 8 9 |  9.9
Translocations | 2 3 |  3.0
Fire Magic     | 1 2 3 |  3.0
Dodging        | 3 6 7 |  7.6
Stealth        | 4 |  4.3
Invocations    | 1 |  1.4

Action                     |  1- 3 |  4- 6 |  7- 9 | 10-12 || total
---------------------------+-------+-------+-------+-------++-------
   Fire: Sling             |   143 |   159 |   331 |   247 ||   880
  Throw: Dart              |       |     5 |    10 |     4 ||    19
   Cast: Slow              |       |    10 |    11 |     6 ||    27
         Inner Flame       |       |     4 |    42 |    27 ||    73
         Cause Fear        |       |       |     5 |     1 ||     6
         Portal Projectile |       |       |    10 |     2 ||    12
  Evoke: Wand              |       |       |     2 |       ||     2
    Use: Scroll            |       |       |    10 |     2 ||    12
 Armour: Robe              |     6 |     2 |     3 |     4 ||    15
  Dodge: Dodged            |    43 |    30 |    92 |    46 ||   211

Table legend: (Time is in decaauts)
 A = Elapsed time spent in this place.
 B = Non-inter-level travel time spent in this place.
 C = Inter-level travel time spent in this place.
 D = Time resting spent in this place.
 E = Time spent auto-exploring this place.
 F = Levels seen in this place.
 G = Mean time per level.
                   A        B        C        D        E       F      G
               +--------+--------+--------+--------+--------+-----+--------+
         Total |   7409 |   7166 |    243 |   1305 |   3811 |  11 |  673.5 |
       Dungeon |   6883 |   6643 |    240 |   1159 |   3613 |   9 |  764.8 |
        Temple |     16 |     13 |      3 |      0 |      0 |   1 |   16.0 |
        Bailey |    510 |    510 |      0 |    146 |    197 |   1 |  510.0 |
               +--------+--------+--------+--------+--------+-----+--------+

Top non-repeatable levels by time:
     D:4: 1144 daAuts
     D:5: 1041 daAuts
     D:6: 1034 daAuts
     D:3: 920 daAuts
     D:7: 706 daAuts
     D:2: 626 daAuts
     D:8: 595 daAuts
  Bailey: 510 daAuts
     D:1: 419 daAuts
     D:9: 394 daAuts
  Temple: 16 daAuts
